 Dungeon Crawl Stone Soup version 0.23.1-37-gaa34b87b72 (webtiles) character file.

Game seed: 4810453670783718934

163329 OdinFK the Sorcerer (level 16, -10/80 HPs)
             Began as a Deep Elf Fire Elementalist on Mar 23, 2019.
             Was a High Priest of Vehumet.
             Mangled by a spark wasp (12 damage)
             ... on level 1 of the Spider Nest.
             The game lasted 02:57:10 (27656 turns).

OdinFK the Sorcerer (Deep Elf Fire Elementalist)   Turns: 27656, Time: 02:57:10

Health: -10/80     AC: 11    Str:  5    XL:     16   Next: 98%
Magic:  28/43      EV: 17    Int: 28    God:    Vehumet [*****.]
Gold:   2038       SH:  3    Dex: 15    Spells: 10/57 levels left

rFire    . . .     SeeInvis .   l - staff of wizardry
rCold    + . .     Gourm    .   (no shield)
rNeg     . . .     Faith    .   L - +2 robe {MR+}
rPois    +         Spirit   .   y - +2 helmet
rElec    .         Reflect  +   (no cloak)
rCorr    .         Harm     .   O - +0 pair of gloves
MR       +++..                  s - +2 pair of boots
Stlth    ++........             Z - amulet "Rodipp" {Reflect rPois SH+3}
HPRegen  0.23/turn              u - ring of protection from magic
MPRegen  0.28/turn              D - ring of protection from cold

@: no status effects
A: no striking features
}: 1/15 runes: decaying
a: Renounce Religion


You were on level 1 of the Spider Nest.
You worshipped Vehumet.
Vehumet was extremely pleased with you.
You were not hungry.

You visited 5 branches of the dungeon, and saw 22 of its levels.
You also visited: Bailey and Ice Cave.

You collected 2231 gold pieces.
You spent 193 gold pieces at shops.

Inventory:

Armour
 s - a +2 pair of boots (worn)
 y - a +2 helmet (worn)
 L - a +2 robe of magic resistance (worn)
 O - a +0 pair of gloves (worn)
Magical Staves
 l - an uncursed staff of wizardry (weapon)
Jewellery
 u - a ring of protection from magic (left hand)
 x - an uncursed ring of wizardry
 D - a ring of protection from cold (right hand)
 E - an uncursed ring of flight
 Q - an uncursed ring of protection from cold
 U - the amulet "Oprarau" {Gourm rF+ Str-4 Dex+8 SInv}
   (You found it on level 10 of the Dungeon)

   [amulet of the gourmand]

   It allows you to eat raw meat even when not hungry.
   It affects your strength (-4).
   It affects your dexterity (+8).
   It protects you from fire.
   It lets you see invisible.
 V - an uncursed ring of protection from fire
 Z - the amulet "Rodipp" (around neck) {Reflect rPois SH+3}
   (You took it off a centaur on level 10 of the Dungeon)

   [amulet of reflection]

   It shields you and reflects attacks.
   It protects you from poison.
   It affects your SH (+3).
Wands
 e - a wand of disintegration (19)
 g - a wand of scattershot (13)
 w - a wand of acid (17)
 G - a wand of iceblast (27)
 K - a wand of clouds (16)
 N - a wand of flame (44)
 R - a wand of enslavement (3)
 T - a wand of digging (6)
Scrolls
 d - 8 scrolls of magic mapping
 f - 3 scrolls of identify
 j - 3 scrolls of teleportation
 k - 15 scrolls of remove curse
 m - 5 scrolls of amnesia
 o - 8 scrolls of enchant armour
 v - 8 scrolls of immolation
 z - a scroll of blinking
 A - a scroll of holy word
 I - 2 scrolls of vulnerability
 M - 3 scrolls of fog
 P - 6 scrolls of enchant weapon
 X - 2 scrolls of silence
Potions
 b - 4 potions of curing
 h - 2 potions of agility
 i - a potion of ambrosia
 n - 2 potions of mutation
 q - 2 potions of might
 r - 2 potions of invisibility
 t - a potion of flight
 B - 6 potions of haste
 F - 3 potions of lignification
 H - a potion of cancellation
 J - a potion of heal wounds
Miscellaneous
 a - a box of beasts
 p - a fan of gales
 C - a lamp of fire
 W - a lightning rod (4/4)
 Y - a phial of floods
Comestibles
 c - 44 rations


   Skills:
 + Level 1.7 Fighting
   Level 2.2 Short Blades
 + Level 7.6 Dodging
 - Level 2.4 Stealth
 + Level 21.0 Spellcasting
 + Level 16.4 Conjurations
 + Level 6.1 Charms
 + Level 16.7 Fire Magic
 + Level 5.2 Earth Magic
 + Level 5.8 Evocations


You had 10 spell levels left.
You knew the following spells:

 Your Spells              Type           Power        Failure   Level  Hunger
a - Flame Tongue          Conj/Fire      #####        0%          1    None
b - Throw Flame           Conj/Fire      ######       0%          2    None
c - Sticky Flame          Conj/Fire      #######.     0%          4    None
d - Fireball              Conj/Fire      #######...   1%          5    None
e - Stone Arrow           Conj/Erth      ######       1%          3    None
f - Lee's Rapid Deconstr  Erth           ######....   1%          5    None
g - Ring of Flames        Chrm/Fire      #######...   4%          7    ###....
h - Bolt of Fire          Conj/Fire      #######...   1%          6    None
i - Orb of Destruction    Conj           #######...   1%          7    ###....
j - Spellforged Servitor  Conj/Summ      ######....   4%          7    ###....

Your spell library contained the following spells:

 Spells                   Type           Power        Failure   Level  Hunger
 Conjure Flame            Conj/Fire      #######.     0%          3    None
 Confusing Touch          Hex            ####..       1%          1    None
 Shock                    Conj/Air       ####         1%          1    None
 Sting                    Conj/Pois      ####         1%          1    None
 Poisonous Vapours        Pois/Air       ####..       1%          2    None
 Sublimation of Blood     Necr           ####......   1%          2    None
 Swiftness                Chrm/Air       #####...     1%          2    None
 Confuse                  Hex            ####....     1%          3    None
 Gell's Gravitas          Tloc           ####......   1%          3    None
 Ignite Poison            Fire/Tmut/Pois ######..     1%          3    None
 Inner Flame              Hex/Fire       ######..     1%          3    None
 Mephitic Cloud           Conj/Pois/Air  ######..     1%          3    None
 Recall                   Summ/Tloc      N/A          1%          3    None
 Static Discharge         Conj/Air       ######..     1%          3    None
 Airstrike                Air            ####......   1%          4    None
 Olgreb's Toxic Radiance  Pois           ####....     1%          4    None
 Petrify                  Tmut/Erth      #####...     1%          4    None
 Irradiate                Conj/Tmut      ######....   1%          5    None
 Lightning Bolt           Conj/Air       ######....   1%          5    None
 Venom Bolt               Conj/Pois      ######....   1%          5    None
 Freezing Cloud           Conj/Ice/Air   ######....   2%          6    None
 Yara's Violent Unravell  Hex/Tmut       ####......   4%          5    None
 Alistair's Intoxication  Tmut/Pois      ####....     14%         5    None
 Aura of Abjuration       Summ           ####......   14%         5    None
 Metabolic Englaciation   Hex/Ice        ####......   14%         5    None
 Summon Demon             Summ           ####......   14%         5    None
 Summon Forest            Summ/Tloc      ####......   14%         5    None
 Summon Mana Viper        Hex/Summ       ####....     14%         5    None
 Shadow Creatures         Summ           N/A          58%         6    None


Dungeon Overview and Level Annotations

Branches:
Dungeon (11/15)            Temple (1/1) D:4            Lair (5/6) D:8
  Swamp (4/4) Lair:4       Spider (1/4) Lair:2        Slime (0/5) Lair:5
    Orc (0/2) D:10

Altars:
Ashenzari
Cheibriados
Dithmenos
Elyvilon
Fedhas
Gozag
Hepliaklqana
Kikubaaqudgha
Makhleb
Nemelex Xobeh
Okawaru
Qazlal
Ru
Sif Muna
Trog
Uskayaw
Vehumet
Wu Jian
Xom
Yredelemnul
Zin
The Shining One
Beogh

Shops:
D:4 ?}[:(   D:5 ?

Annotations:
D:5 2 runed translucent doors, Gargoyl's ghost, novice CeAK
D:9 1 runed translucent door, Morbidden's ghost, novice DsWn
Lair:4 2 transporters, Eqeod's ghost, journeyman DECj
Spider:1 1 runed translucent door


Message History

Press: ? - help, Shift-Dir - straight line, f - spark wasp
Aim: a spark wasp The bolt of fire hits the spark wasp!
The spark wasp is moderately wounded.
You hear a hideous shriek!
The spark wasp misses you.
Casting: Bolt of Fire (safe; 1% risk of failure)
Confirm with . or Enter, or press ? or * to list all spells.
Aiming: Sticky Flame (safe; 0% risk of failure)
Press: ? - help, Shift-Dir - straight line, f/p - spark wasp
Aim: a spark wasp (moderately wounded)
The sticky flame hits the spark wasp!
The spark wasp is heavily wounded.
The spark wasp is covered in liquid flames!
The spark wasp burns!
The spark wasp stings you!! The spark wasp shocks you!
* * * LOW HITPOINT WARNING * * *
The spark wasp stings you!
* * * LOW HITPOINT WARNING * * *
The spark wasp shocks you!
You die...

##..........#####+
#.............^..
##.......##^.^.^.
#.......##.^...^
###.............
##............ ##
##......^......
#.##..##.####.........
#.....@## ##...^....
#......y# #........
.....$..# ##.......
......... #......
.......s. #...$.
.........# ...
.........# ........ยง#


You could see a spark wasp (burning) and a redback.

Vanquished Creatures
  Nikola (Swamp:2)
  Jorgrun (Swamp:2)
  4 thorn hunters
  A frost giant (IceCv)
  Snorg (Lair:4)
  A ghost crab (Swamp:2)
  27 hydras
  A two-headed ogre (D:9)
  4 shambling mangroves
  22 alligators
  A queen ant (Lair:3)
  7 death yaks
  7 swamp dragons
  An unseen horror (D:11)
  2 spriggan druids
  Pikel (D:4)
  A cyclops (D:11)
  2 orb spiders (Spider:1)
  A manticore (D:11)
  4 wolf spiders (Spider:1)
  6 ugly things
  3 orc knights (Bailey)
  3 oklob plants
  3 elephants (Lair:3)
  3 black mambas
  Joseph (D:9)
  17 spiny frogs
  3 rime drakes
  6 komodo dragons
  5 jumping spiders (Spider:1)
  A queen bee (Lair:4)
  A troll (D:10)
  7 tyrant leeches
  14 polar bears
  3 meliai (Lair:4)
  15 hornets
  3 hippogriffs
  Prince Ribbit (D:5)
  3 blink frogs (Lair:3)
  15 slime creatures
  7 bog bodies
  9 redbacks (Spider:1)
  2 shadows
  Sigmund (D:3)
  7 spriggans
  2 tarantellas (Spider:1)
  A basilisk (Lair:5)
  11 vampire mosquitoes
  28 yaks
  A hungry ghost (D:10)
  3 wargs (D:10)
  21 swamp worms
  18 soldier ants
  6 insubstantial wisps
  An acid dragon (D:10)
  9 porcupines
  7 water moccasins
  21 swamp drakes
  2 sky beasts
  2 black bears (D:8)
  20 orc warriors
  12 ice beasts
  7 ogres
  An eye of draining (D:7)
  3 necrophages
  20 wolves
  8 centaurs
  14 crocodiles
  11 bullfrogs
  2 big kobolds (D:8)
  3 scorpions
  22 killer bees (Lair:4)
  7 wights
  4 howler monkeys
  2 electric eels
  5 bullfrog zombies
  7 crimson imps
  7 hounds
  2 quasits (D:10)
  4 bullfrog skeletons
  12 orc priests
  4 centaur skeletons
  11 orc wizards
  4 jellies
  Terence (D:3)
  8 iguanas
  Natasha (twice) (D:2)
  32 worker ants
  A statue (D:8)
  A hound skeleton (D:4)
  2 hound zombies
  A worker ant zombie (D:11)
  15 adders
  4 shadow imps
  An adder zombie (D:7)
  2 adder skeletons (D:4)
  2 dart slugs (D:1)
  12 leopard geckos
  46 orcs
  8 giant cockroaches
  A hobgoblin (D:2)
  18 jackals
  A ball python (D:4)
  8 bats
  5 frilled lizards
  7 goblins
  9 kobolds
  A leopard gecko zombie (D:7)
  A quokka skeleton (D:8)
  A quokka zombie (D:6)
  5 rats
  A bush (Lair:3)
  A fungus (Lair:5)
751 creatures vanquished.

Vanquished Creatures (collateral kills)
  A spriggan (Swamp:1)
1 creature vanquished.

Vanquished Creatures (others)
  A torpor snail (Spider:1)
  3 polar bears (IceCv)
  An orc priest (D:4)
  An orc wizard (D:4)
  An iguana (D:4)
  An orc (D:4)
  8 fungi
  5 plants
21 creatures vanquished.

Grand Total: 773 creatures vanquished

Notes
Turn   | Place    | Note
-------+----------+-------------------------------------------
     0 | D:1      | OdinFK the Deep Elf Fire Elementalist began the quest for
                  | the Orb.
     0 | D:1      | Reached XP level 1. HP: 10/10 MP: 6/6
   190 | D:1      | Reached XP level 2. HP: 14/15 MP: 0/8
   194 | D:1      | Learned a level 2 spell: Throw Flame
   964 | D:2      | Found a snail-covered altar of Cheibriados.
  1003 | D:2      | Reached XP level 3. HP: 16/19 MP: 4/9
  1287 | D:2      | Noticed Natasha
  1303 | D:2      | Killed Natasha
  1303 | D:2      | Reached XP level 4. HP: 5/24 MP: 0/11
  1309 | D:2      | Learned a level 4 spell: Sticky Flame
  1473 | D:2      | Reached skill level 4 in Spellcasting
  1502 | D:2      | Noticed Natasha
  1517 | D:2      | Killed Natasha
  1517 | D:2      | Reached skill level 1 in Short Blades
  1630 | D:3      | Noticed Sigmund
  1683 | D:3      | Killed Sigmund
  1683 | D:3      | Reached skill level 5 in Fire Magic
  1683 | D:3      | Reached XP level 5. HP: 23/28 MP: 2/14
  1683 | D:3      | Reached XP level 6. HP: 28/33 MP: 2/15
  1894 | D:3      | Noticed a water elemental
  1899 | D:3      | Found a stormy altar of Qazlal.
  1900 | D:3      | Noticed an air elemental
  1900 | D:3      | Noticed a fire elemental
  2074 | D:3      | Reached skill level 5 in Spellcasting
  2101 | D:3      | Noticed Terence
  2108 | D:3      | Killed Terence
  2341 | D:4      | Found Widd's Gadget Shop.
  2354 | D:4      | Learned a level 5 spell: Fireball
  2524 | D:4      | Found Ylud's Book Shoppe.
  2540 | D:4      | Noticed a slave
  2540 | D:4      | Noticed a slave
  2541 | D:4      | Noticed a slave
  2542 | D:4      | Noticed Pikel
  2551 | D:4      | Noticed a slave
  2553 | D:4      | Killed Pikel
  2553 | D:4      | Reached skill level 6 in Spellcasting
  2553 | D:4      | Reached XP level 7. HP: 37/37 MP: 12/19
  2564 | D:4      | Found Suzxossa's Weapon Shoppe.
  2598 | D:4      | Found Zaugipni's Antique Armour Boutique.
  2625 | D:4      | Reached skill level 5 in Conjurations
  2768 | D:4      | Found Ymirchasm's Magic Scroll Shoppe.
  2771 | D:4      | Bought a scroll of teleportation for 33 gold pieces
  2771 | D:4      | Bought a scroll of identify for 22 gold pieces
  2771 | D:4      | Bought a scroll of enchant armour for 82 gold pieces
  2771 | D:4      | Bought a scroll of random uselessness for 11 gold pieces
  2853 | D:4      | Found a staircase to the Ecumenical Temple.
  2861 | Temple   | Entered the Ecumenical Temple
  3127 | D:4      | Reached skill level 7 in Spellcasting
  3127 | D:4      | Reached XP level 8. HP: 42/42 MP: 7/20
  3155 | D:5      | Entered Level 5 of the Dungeon
  3159 | D:5      | Found a large runed translucent door.
  3201 | D:5      | Found Sagekhis's Magic Scroll Emporium.
  3210 | D:5      | Bought a scroll of magic mapping for 45 gold pieces
  3279 | D:5      | Noticed Prince Ribbit
  3345 | D:5      | Found a large runed translucent door.
  3346 | D:5      | Noticed Gargoyl's ghost (novice CeAK)
  3366 | D:5      | Found a burning altar of Makhleb.
  3501 | D:5      | Killed Prince Ribbit
  3501 | D:5      | Reached skill level 8 in Spellcasting
  3501 | D:5      | Reached skill level 1 in Evocations
  3572 | D:5      | Found a glowing silver altar of Zin.
  3572 | D:5      | Noticed an angel
  3657 | D:6      | Reached skill level 9 in Spellcasting
  3681 | D:6      | Found a white marble altar of Elyvilon.
  3830 | D:6      | Reached XP level 9. HP: 42/46 MP: 3/24
  4104 | D:6      | Found a white marble altar of Elyvilon.
  4406 | D:7      | Reached skill level 10 in Spellcasting
  5279 | D:8      | Found a flagged portal.
  5337 | Bailey   | Entered a bailey
  5418 | Bailey   | Reached skill level 11 in Spellcasting
  5418 | Bailey   | Reached XP level 10. HP: 24/50 MP: 3/27
  5577 | Bailey   | Noticed an orc knight
  5663 | Bailey   | Noticed an orc knight
  5663 | Bailey   | Noticed an orc knight
  5672 | Bailey   | Killed an orc knight
  5672 | Bailey   | Reached skill level 5 in Dodging
  5776 | Bailey   | Killed an orc knight
  5848 | Bailey   | Identified the +4 shield "Ucebroe" {rElec rN++}
  6120 | Bailey   | Killed an orc knight
  6120 | Bailey   | Reached skill level 1 in Fighting
  6406 | D:8      | Found a burning altar of Makhleb.
  6496 | D:8      | Reached skill level 12 in Spellcasting
  6657 | D:8      | Found a staircase to the Lair.
  6687 | D:8      | Found a radiant altar of Vehumet.
  6716 | D:8      | Became a worshipper of Vehumet
  7077 | D:8      | Found a shadowy altar of Dithmenos.
  7431 | D:9      | Reached skill level 10 in Fire Magic
  7668 | D:9      | Noticed a two-headed ogre
  7672 | D:9      | Killed a two-headed ogre
  7817 | D:9      | Reached XP level 11. HP: 55/55 MP: 24/29
  7834 | D:9      | Noticed Joseph
  7856 | D:9      | Killed Joseph
  8095 | D:9      | Found a runed translucent door.
  8095 | D:9      | Noticed a tengu warrior
  8095 | D:9      | Noticed Morbidden's ghost (novice DsWn)
  8255 | D:10     | Entered Level 10 of the Dungeon
  8272 | D:10     | Got a bloodstained short sword
  8380 | D:10     | Reached * piety under Vehumet
  8380 | D:10     | Offered knowledge of Freeze by Vehumet.
  8392 | D:10     | Reached skill level 13 in Spellcasting
  8641 | D:10     | Got a scintillating bronze amulet
  8642 | D:10     | Identified the amulet "Oprarau" {Gourm rF+ Str-4 Dex+8
                  | SInv} (You found it on level 10 of the Dungeon)
  8988 | D:10     | Found a staircase to the Orcish Mines.
  9000 | D:10     | Found a roughly hewn altar of Beogh.
  9001 | D:10     | Offered knowledge of Sandblast by Vehumet.
  9002 | D:10     | Reached ** piety under Vehumet
  9189 | D:10     | Identified the amulet "Rodipp" {Reflect rPois SH+3}
  9767 | D:11     | Reached skill level 10 in Conjurations
  9805 | D:10     | Identified the +5 short sword of Feikliy {freeze, *Drain
                  | +Rage rF++ Stlth+} (You found it on level 10 of the
                  | Dungeon)
  9912 | D:11     | Noticed a purple ugly thing
  9924 | D:11     | Killed a purple ugly thing
 10172 | D:11     | Noticed an unseen horror
 10178 | D:11     | Killed an unseen horror
 10178 | D:11     | Reached skill level 14 in Spellcasting
 10215 | D:11     | Offered knowledge of Throw Frost by Vehumet.
 10635 | D:11     | Reached *** piety under Vehumet
 10808 | Lair:1   | Entered Level 1 of the Lair of Beasts
 11200 | Lair:1   | Reached XP level 12. HP: 60/60 MP: 25/32
 11582 | Lair:2   | Found a frozen archway.
 11589 | Lair:2   | Offered knowledge of Stone Arrow by Vehumet.
 11598 | Lair:2   | Learned a level 3 spell: Stone Arrow
 11652 | IceCv    | Entered an ice cave
 12095 | IceCv    | Reached skill level 15 in Spellcasting
 12197 | IceCv    | Noticed a death yak
 12233 | IceCv    | Killed a death yak
 12409 | IceCv    | Reached **** piety under Vehumet
 12644 | IceCv    | Offered knowledge of Lee's Rapid Deconstruction by Vehumet.
 12724 | IceCv    | Learned a level 5 spell: Lee's Rapid Deconstruction
 12847 | IceCv    | Noticed a frost giant
 12872 | IceCv    | Killed a frost giant
 13319 | IceCv    | Got a distressingly furry chain mail
 13477 | Lair:2   | Found a hole to the Spider Nest.
 13525 | Lair:2   | Noticed a death yak
 13543 | Lair:2   | Killed a death yak
 13551 | Lair:2   | Noticed a death yak
 13555 | Lair:2   | Noticed a death yak
 13600 | Lair:2   | Killed a death yak
 13600 | Lair:2   | Reached skill level 16 in Spellcasting
 13884 | Lair:2   | Noticed a death yak
 13888 | Lair:2   | Noticed a death yak
 13897 | Lair:2   | Noticed a death yak
 13915 | Lair:2   | Killed a death yak
 13925 | Lair:2   | Killed a death yak
 13925 | Lair:2   | Reached skill level 1 in Earth Magic
 13925 | Lair:2   | Reached XP level 13. HP: 57/64 MP: 20/35
 15457 | Lair:3   | Found the cursed +14 obsidian axe {chop, +Fly SInv *Curse}
 15523 | Lair:3   | Reached skill level 17 in Spellcasting
 15573 | Lair:3   | Reached ***** piety under Vehumet
 15663 | Lair:3   | Offered knowledge of Poison Arrow by Vehumet.
 16550 | Lair:4   | Found a transporter.
 16553 | Lair:4   | Noticed Eqeod's ghost (journeyman DECj)
 16555 | Lair:4   | Found a transporter.
 16917 | Lair:4   | Noticed Snorg
 17176 | Lair:4   | Killed Snorg
 17572 | Lair:4   | Found a staircase to the Swamp.
 17841 | Lair:4   | Learned a level 7 spell: Ring of Flames
 17901 | Lair:5   | Reached skill level 18 in Spellcasting
 17901 | Lair:5   | Reached XP level 14. HP: 70/70 MP: 21/38
 18031 | Lair:5   | Found a staircase to the Slime Pits.
 18143 | Lair:5   | Offered knowledge of Force Lance by Vehumet.
 18943 | Lair:4   | Reached skill level 5 in Evocations
 18943 | Lair:4   | Reached XP level 15. HP: 74/74 MP: 39/39
 18946 | Swamp:1  | Entered Level 1 of the Swamp
 18977 | Swamp:1  | Reached skill level 5 in Charms
 19322 | Swamp:1  | Noticed a thorn hunter
 19328 | Swamp:1  | Killed a thorn hunter
 20585 | Swamp:2  | Noticed Nikola
 20676 | Swamp:2  | Reached skill level 15 in Fire Magic
 20717 | Swamp:2  | Reached skill level 5 in Earth Magic
 20870 | Swamp:2  | Offered knowledge of Bolt of Fire by Vehumet.
 20878 | Swamp:2  | Learned a level 6 spell: Bolt of Fire
 20913 | Swamp:2  | Noticed Jorgrun
 20918 | Swamp:2  | Killed Jorgrun
 20918 | Swamp:2  | Reached skill level 19 in Spellcasting
 21198 | Swamp:2  | Noticed a thorn hunter
 21202 | Swamp:2  | Killed a thorn hunter
 21334 | Swamp:2  | Found the ring of Robustness {AC+8}
 21660 | Swamp:2  | Killed Nikola
 22736 | Swamp:3  | Reached XP level 16. HP: 71/79 MP: 28/41
 23041 | Swamp:3  | Reached skill level 15 in Conjurations
 24121 | Swamp:3  | Reached skill level 20 in Spellcasting
 24632 | Swamp:4  | Entered Level 4 of the Swamp
 24742 | Swamp:4  | Noticed a thorn hunter
 25475 | Swamp:4  | Killed a thorn hunter
 25592 | Swamp:4  | Noticed a thorn hunter
 25595 | Swamp:4  | Killed a thorn hunter
 25748 | Swamp:4  | Offered knowledge of Orb of Destruction by Vehumet.
 25757 | Swamp:4  | Learned a level 7 spell: Orb of Destruction
 26827 | Swamp:4  | Got a decaying rune of Zot
 27179 | Spider:1 | Entered Level 1 of the Spider Nest
 27466 | Spider:1 | Offered knowledge of Spellforged Servitor by Vehumet.
 27466 | Spider:1 | Reached skill level 21 in Spellcasting
 27475 | Spider:1 | Learned a level 7 spell: Spellforged Servitor
 27647 | Spider:1 | Found a runed translucent gate.
 27656 | Spider:1 | HP: 2/80 [spark wasp (17)]
 27656 | Spider:1 | Mangled by a spark wasp

Skill      XL: |  1  2  3  4  5  6  7  8  9 10 11 12 13 14 15 16 |
---------------+-------------------------------------------------+-----
Fire Magic     | 4 5 6 7 8 10 11 13 14 15 16 | 16.7
Dodging        | 3 4 5 6 7 |  7.6
Spellcasting   | 4 6 7 9 11 12 14 16 18 19 21 | 21.0
Short Blades   | 1 2 |  2.2
Conjurations   | 2 4 5 6 8 9 10 12 13 14 16 | 16.4
Evocations     | 2 3 5 |  5.8
Fighting       | 1 |  1.7
Earth Magic    | 1 2 4 5 |  5.2
Charms         | 4 5 6 |  6.1
Stealth        | |  2.4

Action                   |  1- 3 |  4- 6 |  7- 9 | 10-12 | 13-15 | 16-18 || total
-------------------------+-------+-------+-------+-------+-------+-------++-------
Melee: Unarmed           |     7 |       |       |       |       |       ||     7
       Short sword       |    49 |       |       |       |       |       ||    49
       Staff             |       |       |     9 |    23 |       |       ||    32
 Cast: Flame Tongue      |    42 |    26 |    82 |   265 |   124 |     7 ||   546
       Throw Flame       |    15 |    16 |    39 |    85 |    17 |       ||   172
       Sticky Flame      |       |     7 |    33 |   102 |    59 |     3 ||   204
       Fireball          |       |       |    13 |    70 |   179 |    13 ||   275
       Stone Arrow       |       |       |       |    12 |    74 |     5 ||    91
       Ring of Flames    |       |       |       |       |     7 |     6 ||    13
       Bolt of Fire      |       |       |       |       |    53 |   183 ||   236
Evoke: Wand              |       |       |    10 |    17 |    24 |     1 ||    52
       Lightning rod     |       |       |       |       |       |     1 ||     1
  Use: Scroll            |       |       |     7 |    12 |    18 |     3 ||    40
       Potion            |       |       |       |     5 |     5 |     5 ||    15
 Stab: Sleeping          |     4 |       |     2 |       |       |       ||     6
  Eat: Chunk             |     2 |     4 |     8 |    37 |    29 |    14 ||    94
       Ration            |       |       |     1 |     2 |       |       ||     3
Armor: Robe              |    26 |     3 |    21 |    48 |    19 |     8 ||   125
Dodge: Dodged            |    66 |     4 |    43 |   178 |    93 |    37 ||   421
